 Dungeon Crawl Stone Soup version 0.13-b1-41-gf166b9b (webtiles) character file.

148 Lilouch the Skirmisher (level 3, -4/30 HPs)
             Began as a Mummy Fighter on Oct 8, 2013.
             Slain by a slime creature (11 damage)
             ... on Level 1 of the Dungeon.
             The game lasted 00:10:23 (11739 turns).

Lilouch the Skirmisher (Mummy Fighter)             Turns: 11739, Time: 00:10:23

HP  -4/30        AC  7     Str 20      XL: 3   Next: 67%
MP   2/2         EV  4     Int  7      God:
Gold 93          SH 27     Dex 11      Spells:  0 memorised,  2 levels left

Res.Fire  : x . .   See Invis. : .   a - +0 falchion
Res.Cold  : + . .   Warding    : .   c - +0 dwarf scale mail
Life Prot.: + + +   Conserve   : .   p - +0 large shield
Res.Poison: +       Res.Corr.  : .   d - +0 cap
Res.Elec. : .       Clarity    : .   (no cloak)
Sust.Abil.: . .     Spirit.Shd : .   (no gloves)
Res.Mut.  : .       Stasis     : .   (no boots)
Res.Rott. : +       Flight     : .   (no amulet)
Saprovore : . . .                    (no ring)
                                     q - ring of regeneration

@: slightly resistant to hostile enchantments, extremely unstealthy
A: no food or potions, fire vulnerability, restore body, cold resistance 1, life
protection 3, poison resistance, torment resistance, unbreathing
a: no special abilities


You were on level 1 of the Dungeon.
You were not hungry.

You visited 1 branch of the dungeon, and saw 2 of its levels.

You collected 73 gold pieces.

Inventory:

Hand weapons
 a - a +0,+0 falchion (weapon)
 u - a cursed -1,+0 sling
 y - a +0,+0 sling
Missiles
 e - 7 darts (quivered)
 f - 56 bolts
 i - 18 poisoned needles
 s - 13 sling bullets of frost
 v - 25 stones
Armour
 c - a +0 dwarven scale mail (worn)
 d - a +0 cap (worn)
 p - a +0 large shield (worn)
Scrolls
 g - a scroll of noise {unknown}
 k - a scroll of enchant weapon II {unknown}
 m - a scroll of identify {unknown}
 r - a scroll of fog {unknown}
 t - a scroll of teleportation {unknown}
 w - a scroll of fear {unknown}
Jewellery
 q - a ring of regeneration (left hand)
Potions
 b - a potion of confusion {unknown}
 h - 2 potions of heal wounds {unknown}
 j - a potion of degeneration {unknown}
 l - a potion of speed {unknown}
 n - 3 potions of curing {unknown}
 o - a potion of might {unknown}
 x - a potion of resistance {unknown}


   Skills:
 - Level 3.0 Fighting
 * Level 2.4 Long Blades
 + Level 2.9 Armour
 + Level 2.8 Shields


You had 2 spell levels left.
You didn't know any spells.

Dungeon Overview and Level Annotations

Branches:
Dungeon (2/27)

Altars:


Innate Abilities, Weirdness & Mutations

You do not eat or drink.
Your flesh is vulnerable to fire.
Your flesh is cold resistant.
You are immune to negative energy.
Your system is resistant to poisons.
You are immune to unholy pain and torment.
You can survive without breathing.


Message History

The crimson imp is heavily wounded.
You block the slime creature's attack.
The crimson imp hits you but does no damage.
Your shield prevents you from hitting the crimson imp.
The crimson imp is heavily wounded.
The slime creature hits you.
The crimson imp blinks!
You block the slime creature's attack.
There is a stone staircase leading down here.
You hit the slime creature.
The slime creature is lightly wounded.
The slime creature hits you.
You slash the slime creature!
The slime creature is moderately wounded.
You block the slime creature's attack. The slime creature hits you!
Ouch! That really hurt!
* * * LOW HITPOINT WARNING * * *
You hit the slime creature.
The slime creature is moderately wounded.
The slime creature hits you!
You die...

#.# ######.# #.#
###.# #.# #.##
....# #.# #..#
##### #.# ##.#
#.# #.# ####.#
#.# #....# #.#
######.#######.#
#........5J@.#.#
#.####.#####.#.#
#.# #.# #.#.#
#.# #.# #.#.#
#.# #.# #.#.#
#.####.## #.#.#
######.##..5.#
#.#.#
..........#..#
#.#.#
######.##....#
#.#.#


You could see a slime creature and a crimson imp.

Vanquished Creatures
  A giant mite (D:1)
  2 oozes (D:1)
  7 bats
  A giant cockroach (D:1)
  3 goblins
  6 hobgoblins
  A ball python (D:1)
  3 giant geckos
  6 jackals (D:1)
  5 kobolds (D:1)
  9 rats
44 creatures vanquished.

Notes
Turn   | Place    | Note
--------------------------------------------------------------
     0 | D:1      | Lilouch, the Mummy Fighter, began the quest for the Orb.
     0 | D:1      | Reached XP level 1. HP: 18/18 MP: 0/0
   252 | D:1      | Reached XP level 2. HP: 22/24 MP: 1/1
  2683 | D:1      | Reached XP level 3. HP: 30/30 MP: 2/2
  9373 | D:1      | Noticed a centaur warrior
 11722 | D:1      | Noticed a slime creature
 11739 | D:1      | Slain by a slime creature

Action                   || total
-------------------------++-------
Melee: Falchion          ||   185
